 Dungeon Crawl Stone Soup version 0.26-a0-682-g294304f6e8 (webtiles) character file.

Game seed: 12217115738604399142

2651 Gargoyl the Fighter (level 9, -1/74 HPs)
             Began as a Gnoll Abyssal Knight on Oct 20, 2020.
             Was an Elder of Lugonu.
             Slain by Harold
             ... wielding a +4 scimitar of holy wrath
              (16 damage)
             ... on level 7 of the Dungeon.
             The game lasted 00:10:19 (6205 turns).

Gargoyl the Fighter (Gnoll Abyssal Knight)          Turns: 6205, Time: 00:10:19

Health: -1/74      AC: 19    Str: 16    XL:     9   Next: 62%
Magic:  15/15      EV:  4    Int: 15    God:    Lugonu [****..]
Gold:   442        SH:  0    Dex: 19    Spells: 16/16 levels left

rFire    . . .     SeeInvis .   A - +5 war axe (freeze)
rCold    . . .     Faith    .   (no shield)
rNeg     . . .     Spirit   .   c - +0 plate armour of Resilience {Dex+3}
rPois    .         Reflect  .   v - +2 hat
rElec    .         Harm     .   t - scarf {shadows}
rCorr    .         Rampage  .   p - +2 pair of gloves
MR       +....                  F - +0 pair of boots
Stlth    ..........             m - amulet of regeneration
HPRegen  0.62/turn              l - +4 ring of slaying
MPRegen  0.14/turn              k - ring of protection from magic

@: held
A: distributed training, fangs 1, strong nose
a: Depart the Abyss, Bend Space, Banish, Corrupt, Renounce Religion


You were on level 7 of the Dungeon.
You worshipped Lugonu.
Lugonu was greatly pleased with you.
You visited 1 branch of the dungeon, and saw 7 of its levels.
You visited the Abyss 1 time.
You also visited: Ossuary.

You collected 442 gold pieces.

Inventory:

Hand Weapons
 a - a +2 hand axe
 z - a +0 broad axe
 A - a +5 war axe of freezing (weapon)
Missiles
 y - 5 poisoned darts (quivered)
Armour
 c - the +0 plate armour of Resilience (worn) {Dex+3}
   (You found it on level 2 of the Abyss)

   It affects your dexterity (+3).
 p - a +2 pair of gloves (worn)
 t - a scarf of shadows (worn)
 v - a +2 hat (worn)
 F - a +0 pair of boots (worn)
Jewellery
 k - a ring of protection from magic (right hand)
 l - a +4 ring of slaying (left hand)
 m - an amulet of regeneration (around neck)
Wands
 d - a wand of flame (21)
 e - a wand of iceblast (10)
 G - a wand of paralysis (10)
Scrolls
 i - a scroll of identify
 q - 2 scrolls of magic mapping
 s - 3 scrolls of remove curse
Potions
 b - a potion of heal wounds {unknown}
 f - 5 potions of curing
 g - 4 potions of invisibility {unknown}
 h - 2 potions of brilliance {unknown}
 j - a potion of stabbing {unknown}
 n - 2 potions of mutation {unknown}
 o - a potion of magic {unknown}
 r - a potion of haste
 u - a potion of cancellation {unknown}
 w - a potion of might {unknown}
 x - a potion of degeneration {unknown}
 C - a potion of lignification {unknown}
 D - 3 potions of ambrosia {unknown}
 E - 2 potions of berserk rage {unknown}


   Skills:
 + Level 8.0 Fighting
 + Level 4.4 Short Blades
 + Level 4.4 Long Blades
 + Level 6.4 Axes
 + Level 4.4 Maces & Flails
 + Level 4.4 Polearms
 + Level 4.4 Staves
 + Level 4.4 Slings
 + Level 4.4 Bows
 + Level 4.4 Crossbows
 + Level 4.4 Throwing
 + Level 6.4 Armour
 + Level 5.2 Dodging
 + Level 4.4 Stealth
 + Level 4.4 Shields
 + Level 4.4 Unarmed Combat
 + Level 4.4 Spellcasting
 + Level 3.6 Conjurations
 + Level 3.6 Hexes
 + Level 3.6 Summonings
 + Level 3.6 Necromancy
 + Level 3.6 Translocations
 + Level 3.6 Transmutations
 + Level 3.6 Fire Magic
 + Level 3.6 Ice Magic
 + Level 3.6 Air Magic
 + Level 3.6 Earth Magic
 + Level 3.6 Poison Magic
 + Level 6.7 Invocations
 + Level 4.4 Evocations


You had 16 spell levels left.
You didn't know any spells.
Your spell library was empty.

Dungeon Overview and Level Annotations

Branches:
Dungeon (7/15)             Temple (0/1) D:4         Ossuary (visited)

Altars:
Nemelex Xobeh
Xom

Annotations:
D:7 Harold


Innate Abilities, Weirdness & Mutations

Your experience applies equally to all skills.
You have very sharp teeth.
Your uncanny sense of smell can sniff out nearby items.


Message History

Harold hits you with a +4 scimitar of holy wrath!
* * * LOW HITPOINT WARNING * * *
Unknown command.
You slash Harold! You freeze Harold.
Harold is heavily wounded.
Harold hits you but does no damage.
Harold throws a throwing net.
The throwing net hits you.
You become entangled in the net!
You see here a throwing net.
Unknown command.
You feel better.
Harold looks eager to get this over with.
Harold barely misses you.
You struggle against the net.
Harold hits you with a +4 scimitar of holy wrath.
* * * LOW HITPOINT WARNING * * *
The worker ant barely misses you.
You struggle against the net.
Harold hits you with a +4 scimitar of holy wrath!
You die...

#.... .. #.#.##.
#.#... #.#..## #.#oO.
# ##.#o##.#..
#####.).@B....#
##.##(.)[@##..##
##.#####...#..##.# ..
..........<....#...
##.#####...#...#.##..
##.#......# .
###....... #....#.##
#..###># ..#


You could see Harold (fast), an ogre, a worker ant and 2 orcs.

Vanquished Creatures
  The ghost of hemabe71 the Charlatan, an amateur HuAr (D:4)
  Prince Ribbit (D:4)
  The ghost of Turbonekonecno the Sneak, an amateur OpVM of Sif Muna (D:4)
  Sigmund (D:2)
  The ghost of Decritt the Gusty, an amateur DrAE (D:4)
  A water moccasin (D:6)
  2 orc warriors
  4 phantoms
  2 centaurs
  A bullfrog (D:3)
  A scorpion (D:4)
  4 wights (D:6)
  A howler monkey (D:6)
  A centaur zombie (Ossuary)
  3 human zombies (Ossuary)
  A hound (D:6)
  2 jellies
  An orc wizard (D:7)
  An orc priest (D:5)
  3 iguanas
  4 worker ants
  A big kobold zombie (Ossuary)
  A hound skeleton (D:4)
  2 mummies (Ossuary)
  A howler monkey skeleton (D:4)
  13 adders
  A shadow imp (D:5)
  A white imp (D:5)
  3 oozes
  2 adder skeletons
  An adder zombie (D:6)
  2 worms
  2 leopard geckos
  9 orcs
  3 giant cockroaches
  8 goblins
  5 hobgoblins
  10 jackals
  4 kobolds
  3 quokkas
  8 bats
  2 frilled lizards
  A giant cockroach zombie (D:4)
  4 goblin zombies (Ossuary)
  15 hobgoblin zombies (Ossuary)
  A jackal skeleton (D:5)
  A jackal zombie (D:2)
  6 kobold zombies (Ossuary)
  5 orc zombies (Ossuary)
  12 rats
  A rat zombie (Ossuary)
165 creatures vanquished.

Vanquished Creatures (others)
  A lurking horror (Abyss:1)
  4 withered plants (D:4)
5 creatures vanquished.

Grand Total: 170 creatures vanquished

Notes
Turn   | Place    | Note
-------+----------+-------------------------------------------
     0 | Abyss:1  | Gargoyl the Gnoll Abyssal Knight began the quest for the
                  | Orb.
     0 | Abyss:1  | Reached XP level 1. HP: 23/23 MP: 3/3
   288 | Abyss:1  | Noticed a small abomination
   302 | Abyss:1  | Noticed a ynoxinul
   342 | Abyss:2  | Got a smoking plate armour
   353 | Abyss:2  | Identified the +0 plate armour of Resilience {Dex+3} (You
                  | found it on level 2 of the Abyss)
   378 | Abyss:2  | Noticed a sixfirhy
   379 | D:1      | Escaped the Abyss
   490 | D:1      | Reached XP level 2. HP: 29/29 MP: 5/5
   498 | D:1      | Reached * piety under Lugonu
   882 | D:2      | Reached XP level 3. HP: 27/35 MP: 6/6
  1130 | D:2      | Reached skill level 1 in Short Blades
  1130 | D:2      | Reached skill level 1 in Long Blades
  1130 | D:2      | Reached skill level 1 in Maces & Flails
  1130 | D:2      | Reached skill level 1 in Polearms
  1130 | D:2      | Reached skill level 1 in Staves
  1130 | D:2      | Reached skill level 1 in Slings
  1130 | D:2      | Reached skill level 1 in Bows
  1130 | D:2      | Reached skill level 1 in Crossbows
  1130 | D:2      | Reached skill level 1 in Throwing
  1130 | D:2      | Reached skill level 1 in Stealth
  1130 | D:2      | Reached skill level 1 in Shields
  1130 | D:2      | Reached skill level 1 in Unarmed Combat
  1130 | D:2      | Reached skill level 1 in Spellcasting
  1130 | D:2      | Reached skill level 1 in Evocations
  1193 | D:2      | Reached XP level 4. HP: 41/41 MP: 7/7
  1309 | D:2      | Noticed Sigmund
  1322 | D:2      | Killed Sigmund
  1322 | D:2      | Reached skill level 1 in Conjurations
  1322 | D:2      | Reached skill level 1 in Hexes
  1322 | D:2      | Reached skill level 1 in Summonings
  1322 | D:2      | Reached skill level 1 in Necromancy
  1322 | D:2      | Reached skill level 1 in Translocations
  1322 | D:2      | Reached skill level 1 in Transmutations
  1322 | D:2      | Reached skill level 1 in Fire Magic
  1322 | D:2      | Reached skill level 1 in Ice Magic
  1322 | D:2      | Reached skill level 1 in Air Magic
  1322 | D:2      | Reached skill level 1 in Earth Magic
  1322 | D:2      | Reached skill level 1 in Poison Magic
  1322 | D:2      | Reached XP level 5. HP: 33/47 MP: 8/8
  1381 | D:2      | Reached ** piety under Lugonu
  1490 | D:3      | Reached skill level 5 in Invocations
  1495 | D:3      | Found a faded altar of an unknown god.
  1606 | D:3      | Reached XP level 6. HP: 49/53 MP: 9/9
  1609 | D:3      | Reached skill level 5 in Axes
  1609 | D:3      | Reached skill level 5 in Armour
  2619 | D:4      | Reached XP level 7. HP: 58/59 MP: 10/10
  2807 | D:4      | Found a staircase to the Ecumenical Temple.
  2967 | D:4      | Reached skill level 7 in Fighting
  3099 | D:4      | Found a runed translucent gate.
  3100 | D:4      | Found a runed translucent gate.
  3101 | D:4      | Found a runed translucent gate.
  3102 | D:4      | Noticed Decritt's ghost (amateur DrAE)
  3102 | D:4      | Noticed Turbonekonecno's ghost (amateur OpVM)
  3102 | D:4      | Noticed hemabe71's ghost (amateur HuAr)
  3348 | D:4      | Found a shimmering altar of Xom.
  3548 | D:4      | Killed Turbonekonecno's ghost
  3559 | D:4      | Killed hemabe71's ghost
  3559 | D:4      | Reached XP level 8. HP: 25/67 MP: 12/12
  3561 | D:4      | Killed Decritt's ghost
  3687 | D:5      | Entered Level 5 of the Dungeon
  3687 | D:5      | Noticed Prince Ribbit
  3694 | D:4      | Reached *** piety under Lugonu
  3724 | D:4      | Killed Prince Ribbit
  3791 | D:5      | Found a sparkling altar of Nemelex Xobeh.
  4125 | D:5      | Reached XP level 9. HP: 73/73 MP: 14/14
  5291 | D:6      | Found a sand-covered staircase.
  5298 | Ossuary  | Entered an ossuary
  5424 | Ossuary  | Reached **** piety under Lugonu
  5430 | Ossuary  | Reached skill level 5 in Dodging
  6184 | D:7      | Reached skill level 8 in Fighting
  6185 | D:7      | Noticed Harold
  6205 | D:7      | Slain by Harold

Illustrated notes

Levels and vault maps discovered:
D:1:      tarquinn_simple_flora_water_b, layout_rooms
D:2:      layout_basic, grunt_ministairs_15, feat_on_display, uniq_sigmund
D:3:      layout_basic, chequers_ecumenical_altar_simple_redux,
          minmay_fractal_squares_gapless_5
D:4:      layout_layer_cave, tgw_xom, minmay_temple_entry_slanted,
          gammafunk_ghost_cemetery
D:5:      layout_cave_pods, serial_column_ruins, column_ruins_open_tiny,
          column_ruins_open_medium_water, column_ruins_open_medium,
          column_ruins_grid_1, column_ruins_open_small_water,
          lemuel_altar_in_water, uniq_prince_ribbit1
D:6:      layout_basic, chequers_ossuary_entry_cave, minivault_22,
          nrook_campfire
D:7:      layout_loops_cross, uniq_harold, uniq_pikel

Skill      XL: |  1  2  3  4  5  6  7  8  9 |
---------------+----------------------------+-----
Short Blades   | 1 2 3 4 |  4.4
Long Blades    | 1 2 3 4 |  4.4
Maces & Flails | 1 2 3 4 |  4.4
Polearms       | 1 2 3 4 |  4.4
Staves         | 1 2 3 4 |  4.4
Slings         | 1 2 3 4 |  4.4
Bows           | 1 2 3 4 |  4.4
Crossbows      | 1 2 3 4 |  4.4
Throwing       | 1 2 3 4 |  4.4
Stealth        | 1 2 3 4 |  4.4
Shields        | 1 2 3 4 |  4.4
Unarmed Combat | 1 2 3 4 |  4.4
Spellcasting   | 1 2 3 4 |  4.4
Evocations     | 1 2 3 4 |  4.4
Dodging        | 3 4 5 |  5.2
Conjurations   | 1 2 3 |  3.6
Hexes          | 1 2 3 |  3.6
Summonings     | 1 2 3 |  3.6
Necromancy     | 1 2 3 |  3.6
Translocations | 1 2 3 |  3.6
Transmutations | 1 2 3 |  3.6
Fire Magic     | 1 2 3 |  3.6
Ice Magic      | 1 2 3 |  3.6
Air Magic      | 1 2 3 |  3.6
Earth Magic    | 1 2 3 |  3.6
Poison Magic   | 1 2 3 |  3.6
Invocations    | 5 6 |  6.7
Axes           | 5 6 |  6.4
Armour         | 5 6 |  6.4
Fighting       | 7 8 |  8.0

Action                   |  1- 3 |  4- 6 |  7- 9 || total
-------------------------+-------+-------+-------++-------
Melee: Hand axe          |    75 |    78 |   214 ||   367
       Bite              |     6 |    14 |    42 ||    62
       Punch             |       |     1 |     5 ||     6
       War axe           |       |       |    89 ||    89
Invok: Depart the Abyss  |     1 |       |       ||     1
Evoke: Wand              |       |       |     2 ||     2
  Use: Scroll            |     5 |     4 |     5 ||    14
       Potion            |       |       |     1 ||     1
Armor: Plate armour      |    52 |    66 |   168 ||   286
Dodge: Dodged            |    33 |    21 |   109 ||   163

Table legend: (Time is in decaauts)
 A = Elapsed time spent in this place.
 B = Non-inter-level travel time spent in this place.
 C = Inter-level travel time spent in this place.
 D = Time resting spent in this place.
 E = Time spent auto-exploring this place.
 F = Levels seen in this place.
 G = Mean time per level.
                   A        B        C        D        E       F      G
               +--------+--------+--------+--------+--------+-----+--------+
         Total |   6246 |   5981 |    265 |    221 |   4442 |  10 |  624.6 |
       Dungeon |   5609 |   5344 |    265 |    217 |   4041 |   7 |  801.3 |
         Abyss |    378 |    378 |      0 |      0 |    335 |   2 |  189.0 |
       Ossuary |    258 |    258 |      0 |      4 |     66 |   1 |  258.0 |
               +--------+--------+--------+--------+--------+-----+--------+

Top non-repeatable levels by time:
     D:4: 1697 daAuts
     D:6: 1082 daAuts
     D:5: 1009 daAuts
     D:3: 669 daAuts
     D:2: 617 daAuts
     D:1: 495 daAuts
 Abyss:1: 307 daAuts
 Ossuary: 258 daAuts
 Abyss:2: 71 daAuts
     D:7: 39 daAuts
